 Dungeon Crawl Stone Soup version 0.24-a0-361-g57161393b2 (webtiles) character file.

Game seed: 10368990280221779050

110 Borgoz the Slasher (level 4, 0/41 HPs)
             Began as a Minotaur Monk on May 26, 2019.
             Slain by a sky beast (6 damage)
             ... on level 3 of the Dungeon.
             The game lasted 00:02:26 (1627 turns).

Borgoz the Slasher (Minotaur Monk)                  Turns: 1627, Time: 00:02:27

Health: 0/41       AC: 10    Str: 15    XL:     4   Next: 61%
Magic:  3/3        EV:  5    Int:  7    God:
Gold:   149        SH:  0    Dex: 14    Spells: 3/3 levels left

rFire    . . .     SeeInvis .   a - +0 falchion
rCold    . . .     Gourm    .   (no shield)
rNeg     . . .     Faith    .   n - +0 plate armour
rPois    .         Spirit   .   (helmet restricted)
rElec    .         Reflect  .   (no cloak)
rCorr    .         Harm     .   (no gloves)
MR       .....                  (no boots)
Stlth    ..........             (no amulet)
HPRegen  0.13/turn              (no ring)
MPRegen  0.08/turn              (no ring)

@: no status effects
A: retaliatory headbutt, horns 2
a: no special abilities


You were on level 3 of the Dungeon.
You were not hungry.

You visited 1 branch of the dungeon, and saw 3 of its levels.

You collected 149 gold pieces.

Inventory:

Hand Weapons
 a - a +0 falchion (weapon)
Armour
 n - a +0 plate armour (worn)
Jewellery
 d - a cursed -3 ring of dexterity {unknown}
Scrolls
 e - 4 scrolls of identify {unknown}
 g - a scroll of remove curse {unknown}
 j - a scroll of fear {unknown}
 l - 2 scrolls of amnesia {unknown}
 m - 2 scrolls of blinking {unknown}
 o - a scroll of magic mapping {unknown}
 q - a scroll of teleportation {unknown}
Potions
 b - a potion of heal wounds {unknown}
 f - a potion of magic {unknown}
 h - 2 potions of degeneration {unknown}
 i - a potion of resistance {unknown}
 k - a potion of flight {unknown}
Comestibles
 c - 5 rations
 p - 2 chunks of flesh


   Skills:
 + Level 4.3 Fighting
 * Level 5.0 Long Blades
 + Level 2.1 Armour
 + Level 3.9 Dodging
 - Level 1.5 Stealth


You had 3 spell levels left.
You didn't know any spells.
Your spell library was empty.

Dungeon Overview and Level Annotations

Branches:
Dungeon (3/15)

Altars:
Dithmenos
Nemelex Xobeh
Trog
The Shining One


Innate Abilities, Weirdness & Mutations

You reflexively headbutt those who attack you in melee.
You have a pair of horns on your head.


Message History

Something shocks you.
You closely miss the bat. Your headbutt misses the bat.
The bat is severely wounded.
The bat hits you. x2; Something hits you.
Something shocks you.
You are too injured to fight recklessly!
You are too injured to fight recklessly!
You are too injured to fight recklessly!
Your plate armour prevents you from hitting the bat.
The bat is severely wounded.
The bat hits you but does no damage. Something hits you. Something shocks you.
* * * LOW HITPOINT WARNING * * *
You hit something. You headbutt something.
Something hits you but does no damage.
Your plate armour prevents you from hitting the bat.
Your headbutt misses the bat.
The bat is heavily wounded.
The bat hits you but does no damage. Something hits you.
* * * LOW HITPOINT WARNING * * *
Something shocks you.
You die...

####.####.##..
...........#..
.!........(....
............##.
............##.
............##.## #
.......b........# #####
........@# #..#####....
........## ##..........
###......##+##..####.....
#.##..........# ##.... #
#..8.....8.# #....
#....8.8..## #....
#...........## #....
#..###....### #.... #..
###### #####


You could see a bat.

Vanquished Creatures
  A hound (D:2)
  2 adders (D:2)
  An ooze (D:1)
  An adder skeleton (D:2)
  2 worms (D:2)
  A dart slug (D:1)
  A leopard gecko (D:2)
  10 bats
  2 giant cockroaches
  6 goblins (D:1)
  4 hobgoblins
  9 kobolds
  2 frilled lizards (D:1)
  6 rats
48 creatures vanquished.

Notes
Turn   | Place    | Note
-------+----------+-------------------------------------------
     0 | D:1      | Borgoz the Minotaur Monk began the quest for the Orb.
     0 | D:1      | Reached XP level 1. HP: 19/19 MP: 0/0
   182 | D:1      | Reached XP level 2. HP: 23/27 MP: 1/1
   252 | D:1      | Reached skill level 4 in Long Blades
   325 | D:1      | Reached skill level 1 in Armour
   436 | D:1      | Reached XP level 3. HP: 15/33 MP: 2/2
  1055 | D:2      | Reached XP level 4. HP: 10/40 MP: 3/3
  1411 | D:2      | Found a bloodstained altar of Trog.
  1422 | D:2      | Found a glowing golden altar of the Shining One.
  1424 | D:2      | Found a shadowy altar of Dithmenos.
  1527 | D:2      | Found a sparkling altar of Nemelex Xobeh.
  1582 | D:3      | Reached skill level 5 in Long Blades
  1612 | D:3      | Noticed a sky beast
  1627 | D:3      | Slain by a sky beast

Levels and vault maps discovered:
D:1:      ncdulo_smallfort, layout_rooms, minmay_misc_feat_alley
D:2:      layout_rooms, marbit_many_paths, minitemple, first_ration
D:3:      layout_rooms, nicolae_overflow_crystal_walls, zin_statuary,
          lemuel_doored_altar

Skill      XL: |  1  2  3  4 |
---------------+-------------+-----
Long Blades    | 4 5 |  5.0
Armour         | 1 2 |  2.1
Fighting       | 4 |  4.3
Dodging        | |  3.9
Stealth        | |  1.5

Action                   |  1- 3 |  4- 6 || total
-------------------------+-------+-------++-------
Melee: Falchion          |    88 |    28 ||   116
       Headbutt          |    14 |     5 ||    19
  Use: Potion            |     1 |       ||     1
 Stab: Sleeping          |     1 |       ||     1
  Eat: Chunk             |       |     2 ||     2
Armor: Robe              |     5 |       ||     5
       Scale mail        |     8 |       ||     8
       Plate armour      |    37 |    28 ||    65
Dodge: Dodged            |    43 |    10 ||    53
       Rpst.: Falchion   |    10 |     3 ||    13

Table legend:
 A = Non-vault XP
 B = Vault XP
 C = Vault XP percentage of total XP
 D = Non-vault monster count
 E = Vault monster count
 F = Vault count percentage of total count
                 A         B        C        D         E       F
            +---------+---------+-------+---------+---------+-------
      Total |     157 |       1 |   0.6 |      47 |       1 |   2.1
            +---------+---------+-------+---------+---------+-------
        D:1 |      50 |       0 |   0.0 |      27 |       0 |   0.0
        D:2 |     100 |       1 |   1.0 |      16 |       1 |   5.9
        D:3 |       7 |       0 |   0.0 |       4 |       0 |   0.0
            +---------+---------+-------+---------+---------+-------
